 Dungeon Crawl Stone Soup version 0.19-a0-1442-g3b32ff5 (webtiles) character file.

552 Amnesiac the Changer (level 7, -2/43 HPs)
             Began as an Octopode Transmuter on Sept 6, 2016.
             Killed from afar by an orc wizard (11 damage)
             ... with a magic dart
             ... on level 4 of the Dungeon.
             The game lasted 00:09:37 (2367 turns).

Amnesiac the Changer (Octopode Transmuter)          Turns: 2367, Time: 00:09:37

Health: -2/43      AC:  2    Str: 10    XL:     7   Next: 29%
Magic:  10/10      EV: 20    Int: 15    God:
Gold:   83         SH:  0    Dex: 19    Spells: 3 memorised, 4 levels left

rFire  . . .     SeeInvis .       - Unarmed
rCold  . . .     Gourm    .     (shield currently unavailable)
rNeg   . . .     Faith    .     (helmet currently unavailable)
rPois  x         Spirit   .     f - amulet of magic regeneration
rElec  .         Dismiss  .     (no ring)
rCorr  .         Reflect  .     (no ring)
MR     .....     Harm     .     (no ring)
Stlth  ++........               (no ring)
                                (no ring)
                                (no ring)
                                (no ring)
                                (no ring)

@: spider-form (expiring)
A: almost no armour, stealthy swim, (amphibious), 8 rings, (constrict 8),
(camouflage 0), (gelatinous body 0)
a: End Transformation


You were on level 4 of the Dungeon.
You were not hungry.
You were a venomous arachnid creature.
You visited 1 branch of the dungeon, and saw 4 of its levels.

You collected 83 gold pieces.

Inventory:

Missiles
 a - 24 arrows
Jewellery
 f - an amulet of magic regeneration (around neck)
Wands
 j - a wand of disintegration (7/24)
Scrolls
 d - a scroll of magic mapping {unknown}
 h - a scroll of identify {unknown}
 i - a scroll of enchant armour {unknown}
 k - a scroll of amnesia {unknown}
Potions
 e - a potion of might {unknown}
 l - a potion of haste
Books
 b - a book of Changes

   Spells                             Type                      Level
   a - Beastly Appendage              Transmutation                1
   b - Sticks to Snakes               Transmutation                2
   c - Spider Form                    Transmutation/Poison         3
   d - Ice Form                       Ice/Transmutation            4
   e - Blade Hands                    Transmutation                5
Comestibles
 c - 2 bread rations
 g - 3 fruits
 m - 4 chunks of flesh


   Skills:
 - Level 1.0 Fighting
 - Level 2.0 Dodging
 + Level 4.5 Unarmed Combat
 - Level 2.0 Spellcasting
 - Level 7.0 Transmutations


You had 4 spell levels left.
You knew the following spells:

 Your Spells              Type           Power        Failure   Level  Hunger
a - Beastly Appendage     Tmut           ###...       6%          1    #......
d - Sticks to Snakes      Tmut           ###.....     8%          2    ###....
e - Spider Form           Tmut/Pois      ##........   36%         3    ###....


Dungeon Overview and Level Annotations

Branches:
Dungeon (4/15)
 Temple: D:4-7

Altars:
Dithmenos
Kikubaaqudgha
Makhleb


Innate Abilities, Weirdness & Mutations

You cannot wear most types of armour.
You are very stealthy in the water.
((You are amphibious.))
You can wear up to eight rings at the same time.
((You can use your tentacles to constrict eight enemies at once.))
((Your skin changes colour to match your surroundings (Stealth+).))
((Your rubbery body absorbs attacks. (AC +1, EV +1)))


Message History

The puff of flame hits you!
The orc wizard hits you but does no damage.
You bite the orc wizard!
You kill the orc wizard!
Something hits you.
Unknown command.
You hit the orc priest.
The orc priest is lightly wounded.
Something hits you but does no damage.
The orc priest calls down the wrath of Beogh upon you.
Beogh smites you!
* * * LOW HITPOINT WARNING * * *
Unknown command.
You bite the orc priest!
The orc priest looks as sick as possible!
The orc priest is almost dead.
You hear some strange, mumbled words.
A magic dart appears from out of thin air!
The magic dart hits you!
You die...

#....# .#..# ...#
#########..# ###
#.......#..#
..####.#####.##.##
...........#.##..####
..####)#...#........#
..# #.#...#####s##.#
..# #.#..## #{o# #
..# #.##.# ..># ..#
#.#..# #####
############ ..#
#.#.## #..........#
..# #.#.#
#.########.# ..#
#.#.# #.# #.# ###
#.#.### #.# #.#
#.#...# #.# #(#


You could see an orc priest.

Vanquished Creatures
  Eustachio (D:4)
  An ogre (D:4)
  A scorpion (D:4)
  2 hounds (D:4)
  3 orc wizards (D:4)
  3 worker ants (D:4)
  3 adders (D:3)
  An adder skeleton (D:4)
  A worm (D:2)
  2 dart slugs
  2 giant geckos
  4 orcs
  3 giant cockroaches
  A hobgoblin (D:1)
  2 jackals (D:2)
  2 quokkas
  2 bats
  A giant gecko skeleton (D:4)
  2 giant newts
  2 kobolds
  5 rats
44 creatures vanquished.

Vanquished Creatures (others)
  A giant cockroach (D:3)
1 creature vanquished.

Grand Total: 45 creatures vanquished

Notes
Turn   | Place    | Note
-------+----------+-------------------------------------------
     0 | D:1      | Amnesiac the Octopode Transmuter began the quest for the Orb.
     0 | D:1      | Reached XP level 1. HP: 13/13 MP: 3/3
    72 | D:1      | Reached XP level 2. HP: 13/18 MP: 3/5
   118 | D:1      | Learned a level 2 spell: Sticks to Snakes
   165 | D:2      | Reached skill level 3 in Transmutations
   660 | D:3      | Found a shadowy altar of Dithmenos.
   675 | D:3      | Reached XP level 3. HP: 21/23 MP: 6/6
   696 | D:3      | Learned a level 3 spell: Spider Form
   741 | D:3      | Reached skill level 4 in Transmutations
   843 | D:4      | Noticed a scorpion
   862 | D:4      | Killed a scorpion
   862 | D:4      | Reached XP level 4. HP: 28/28 MP: 7/7
   997 | D:4      | Reached skill level 5 in Transmutations
   997 | D:4      | Reached XP level 5. HP: 33/33 MP: 5/8
  1042 | D:4      | Noticed an ogre
  1043 | D:4      | Found an ancient bone altar of Kikubaaqudgha.
  1058 | D:4      | Killed an ogre
  1058 | D:4      | Reached skill level 6 in Transmutations
  1058 | D:4      | Reached XP level 6. HP: 16/38 MP: 9/9
  1320 | D:4      | Noticed Eustachio
  1398 | D:4      | Killed Eustachio
  1525 | D:4      | Found a burning altar of Makhleb.
  1553 | D:4      | Noticed a phantom
  2007 | D:4      | Reached XP level 7. HP: 22/43 MP: 10/10
  2266 | D:4      | Reached skill level 7 in Transmutations
  2367 | D:4      | Killed from afar by an orc wizard

Vault maps used:
D:1:      minmay_arrival_checkered_box
D:2:      first_bread
D:3:      nicolae_dithmenos_shadow_blocks, old_standard_altar,
          fiery_altar_vehumet, uniq_grinder, uniq_terence
D:4:      kiku_gazebo_garden_becter, bloody_makhleb, uniq_eustachio

Skill      XL: |  1  2  3  4  5  6  7 |
---------------+----------------------+-----
Transmutations | 3 4 5 6 7 |  7.0
Unarmed Combat | 4 |  4.5
Fighting       | |  1.0
Dodging        | |  2.0
Spellcasting   | |  2.0

Action                   |  1- 3 |  4- 6 |  7- 9 || total
-------------------------+-------+-------+-------++-------
Melee: Unarmed           |    54 |    75 |    31 ||   160
       Constrict         |    11 |     6 |     1 ||    18
       Kick              |     6 |       |       ||     6
       Tentacles         |     8 |     3 |       ||    11
 Cast: Beastly Appendage |    14 |       |       ||    14
       Sticks to Snakes  |     2 |       |       ||     2
       Spider Form       |     2 |     8 |     4 ||    14
  Use: Potion            |       |     3 |       ||     3
       Scroll            |       |     2 |       ||     2
 Stab: Sleeping          |     3 |       |       ||     3
  Eat: Chunk             |       |     4 |     3 ||     7
       Fruit             |       |     1 |       ||     1
Armor: Skin              |     8 |     4 |       ||    12
Dodge: Dodged            |    39 |    68 |    16 ||   123
